 Dungeon Crawl Stone Soup version 0.28.0 (webtiles) character file.

Game seed: 4595762043849130707

12 Richi the Skirmisher (level 2, 33/33 HPs)
             Began as an Ogre Fighter on Feb 13, 2022.
             Got out of the dungeon alive.
             The game lasted 00:01:07 (971 turns).

Richi the Skirmisher (Ogre Fighter)                  Turns: 971, Time: 00:01:07

Health: 33/33      AC:  3    Str: 19    XL:     2   Next: 33%
Magic:  2/2        EV:  8    Int:  9    God:
Gold:   19         SH:  7    Dex:  8    Spells: 1/1 levels left

rFire   . . .      SeeInvis .   a - +0 trident
rCold   . . .      Faith    .   c - +0 kite shield
rNeg    . . .      Spirit   .   b - +0 robe
rPois   .          Reflect  .   (helmet restricted)
rElec   .          Harm     .   (no cloak)
rCorr   .          Rampage  .   (gloves unavailable)
Will    .....                   (boots unavailable)
Stlth   +.........              (no amulet)
HPRegen 0.11/turn               (no ring)
MPRegen 0.08/turn               (no ring)

@: no status effects
A: large, unfitting armour, tough skin 1
a: no special abilities


You escaped.
You visited 1 branch of the dungeon, and saw 1 of its levels.

You collected 19 gold pieces.

Inventory:

Hand Weapons
 a - a +0 trident (weapon)
Armour
 b - a +0 robe (worn)
 c - a +0 kite shield (worn)
Scrolls
 f - a scroll of teleportation {unknown}
 g - a scroll of identify {unknown}
 h - a scroll of immolation {unknown}
Potions
 d - a potion of might
 e - 2 potions of haste {unknown}
 i - a potion of curing {unknown}


   Skills:
 + Level 4.4 Fighting
 + Level 2.0 Polearms
 + Level 2.9 Dodging
 + Level 2.9 Shields


You had one spell level left.
You didn't know any spells.
Your spell library was empty.

Dungeon Overview and Level Annotations

Branches:
Dungeon (1/15)

Altars:


Innate Abilities, Weirdness & Mutations

You are too large for most types of armour.
You have tough skin. (AC +1)


Message History

You hit the giant cockroach.
The giant cockroach is heavily wounded.
The giant cockroach bites you but does no damage.
You completely miss the giant cockroach.
The giant cockroach is heavily wounded.
The giant cockroach bites you. You block the giant cockroach's attack.
You puncture the giant cockroach!
You kill the giant cockroach!
You see here a giant cockroach corpse.
You open the door.
There is an open door here.
You open the door.
There is an open door here.
There is an open door here.
A hobgoblin comes into view.
The hobgoblin shouts!
A hobgoblin is nearby!
A hobgoblin is nearby!
You reach to attack!
You hit the hobgoblin.
The hobgoblin is moderately wounded.
You closely miss the hobgoblin.
The hobgoblin is moderately wounded.
The hobgoblin hits you but does no damage.
You barely miss the hobgoblin.
The hobgoblin is moderately wounded.
The hobgoblin barely misses you. You block the hobgoblin's attack.
You hit the hobgoblin.
You kill the hobgoblin!
You see here a +0 mace.
There is an open door here.
You now have 19 gold pieces (gained 13).
Done exploring.
Done exploring.
Done exploring.
Done exploring.
There is an open door here.
There is an empty arch of ancient stone here.
There is a staircase leading out of the dungeon here.
Are you sure you want to leave the Dungeon?
This will make you lose the game!
You have escaped!

#.##.# #.####.#.#
#.##.######.####.#.# ######
#.#............#.#.# .....#
##################.#### ####.####
###### ###### #......
#....####....####....###..####
#.....##......##......##..#
####..##..##..##..##..###.#
#..##..#..@.#..##..# #.# ###
#..##..#....#..##..# #.# ##.##
#..##..##..##..##..###.#
#.#.###......##......##......#
.###.###....####....####.....##
#.#.## ###### ###### ####...##
.....######################....##
.....................+.........'.
#...#.#########...####.........##


There were no monsters in sight!

Vanquished Creatures
  2 endoplasms (D:1)
  A giant cockroach (D:1)
  2 hobgoblins (D:1)
  2 kobolds (D:1)
  A quokka (D:1)
  3 rats (D:1)
11 creatures vanquished.

Notes
Turn   | Place    | Note
-------+----------+-------------------------------------------
     0 | D:1      | Richi the Ogre Fighter began the quest for the Orb.
     0 | D:1      | Reached XP level 1. HP: 24/24 MP: 1/1
   124 | D:1      | Found a faded altar of an unknown god.
   428 | D:1      | Reached XP level 2. HP: 32/33 MP: 2/2
   971 | D:$      | Got out of the dungeon alive.

Illustrated notes

Levels and vault maps discovered:
D:1:      minmay_arrival_wavy_path, layout_loops_corners,
          hellmonk_ecumenical_altar_arch_garden

Action                   || total
-------------------------++-------
Melee: Trident           ||    25
Armor: Robe              ||     7
Dodge: Dodged            ||     3
Block: Kite shield       ||     3
